 Dungeon Crawl Stone Soup version 0.29.1-15-g9cfb28693d (webtiles) character file.

Game seed: 8519891700441495600

31 javelincjr the Magician (level 3, -2/36 HPs)
             Began as a Demonspawn Hedge Wizard on Apr 19, 2023.
             Slain by Sigmund
             ... wielding a +2 scythe of venom
              (5 damage)
             ... on level 2 of the Dungeon.
             The game lasted 00:04:39 (2217 turns).

javelincjr the Magician (Demonspawn Hedge Wizard)   Turns: 2217, Time: 00:04:40

Health: -2/36      AC:  2    Str: 10    XL:     3   Next: 7%
Magic:  7/7        EV: 12    Int: 17    God:
Gold:   75         SH:  0    Dex: 12    Spells: 7/8 levels left

rFire   . . .      SeeInvis .   g - +2 whip (distort)
rCold   . . .      Faith    .   (no shield)
rNeg    . . .      Spirit   .   b - +0 robe
rPois   .          Reflect  .   c - +0 hat
rElec   .          Harm     .   (no cloak)
rCorr   .          Rampage  .   (no gloves)
Will    +....                   (no boots)
Stlth   ..........              i - amulet of the acrobat
HPRegen 0.12/turn               e - ring of willpower
MPRegen 0.10/turn               (no ring)

@: berserking, lethally poisoned (-2 -> -17), very quick
A: powered by pain 1
a: no special abilities


You were on level 2 of the Dungeon.
You visited 1 branch of the dungeon, and saw 2 of its levels.

You collected 75 gold pieces.

Inventory:

Hand Weapons
 a - a +0 dagger
 g - a +2 whip of distortion (weapon)
Armour
 b - a +0 robe (worn)
 c - a +0 hat (worn)
Jewellery
 e - a ring of willpower (left hand)
 i - an amulet of the acrobat (around neck)
Scrolls
 j - a scroll of teleportation {unknown}
 k - a scroll of magic mapping {unknown}
 l - a scroll of identify {unknown}
Potions
 d - a potion of magic
 f - a potion of curing


   Skills:
 + Level 0.3 Fighting
 + Level 2.0 Dodging
 + Level 2.0 Stealth
 * Level 3.2 Spellcasting
 + Level 1.4 Conjurations
 + Level 1.4 Summonings
 + Level 1.2 Translocations


You had 7 spell levels left.
You knew the following spells:

 Your Spells              Type           Power      Damage    Failure   Level
a - Magic Dart            Conj           28%        1d4       10%         1

Your spell library contained the following spells:

 Spells                   Type           Power      Damage    Failure   Level
 Call Imp                 Summ           7%         N/A       14%         2
 Blink                    Tloc           14%        N/A       16%         2
 Slow                     Hex            8%         N/A       17%         1
 Conjure Flame            Conj/Fire      5%         6-21      36%         3
 Mephitic Cloud           Conj/Pois/Air  4%         N/A       38%         3
 Hailstorm                Conj/Ice       5%         3d4       77%         4
 Ice Form                 Ice/Tmut       2%         N/A       86%         4
 Simulacrum               Ice/Necr       1%         N/A       100%        6


Dungeon Overview and Level Annotations

Branches:
Dungeon (2/15)

Altars:

Shops:
D:1 [*!

Annotations:
D:2 Sigmund


Innate Abilities, Weirdness & Mutations

You sometimes gain a little power by taking damage.


Message History

Found a stone staircase leading down.
There is an open door here.
Found a ring mail.
You now have 75 gold pieces (gained 12).
l - a scroll labelled NODEIP DASTRE You open the door.
There is an open door here.
Sigmund the Dreaded comes into view.
He is wielding a +2 scythe of venom.
Sigmund shouts!
You hear an angry hiss.
You hear a shout!
A frilled lizard comes into view.
Casting: Magic Dart (safe; 10% risk of failure)
Confirm with . or Enter, or press ? or * to list all spells.
Okay, then.
The frilled lizard unfolds its giant frill.
Sigmund completely misses you.
You completely miss Sigmund.
An endoplasm comes into view.
Sigmund gestures at you while chanting.
You are confused.
You miss Sigmund.
A kobold comes into view. It is wielding a +0 dagger.
Sigmund hits you with a +2 scythe of venom.
You hit Sigmund.
Space warps horribly around Sigmund!
Sigmund is heavily wounded.
Sigmund hits you with a +2 scythe of venom!
* * * LOW HITPOINT WARNING * * *
You are lethally poisoned!
* * * LOW HITPOINT WARNING * * *
You feel very sick.
It was a potion of curing.
You feel better.
Sigmund hits you from afar with a +2 scythe of venom!
* * * LOW HITPOINT WARNING * * *
You are lethally poisoned!
It was a potion of berserk rage.
A red film seems to cover your vision as you go berserk!
You feel yourself moving faster!
You feel mighty!
* * * LOW HITPOINT WARNING * * *
You feel very sick.
Sigmund hits you from afar with a +2 scythe of venom.
You die...

####+##..[..###..#.#
.........'....#.#
##.........###.##.# ##
.........^# #..... ...
.......#### #.##.# ....
#......# ###..... ##...
#......# #.#.##.#
.....J###.##..####.#.##.#
#...l@.@................
...#.K###.##.###...#.##.#
#. #.##.......#.##.# #
#.# ####....##.# #.#
##.####.# #.# #.# #.#
#.########.# #.#
#..........# #.#
############


You could see Sigmund, an endoplasm, a kobold and a frilled lizard.

Vanquished Creatures
  3 dart slugs
  3 ball pythons
  A bat (D:1)
  An endoplasm (D:2)
  2 giant cockroaches (D:1)
  3 goblins
  A hobgoblin (D:1)
  2 quokkas (D:1)
  A frilled lizard (D:1)
  6 kobolds (D:1)
  A rat (D:1)
24 creatures vanquished.

Notes
Turn   | Place    | Note
-------+----------+-------------------------------------------
     0 | D:1      | javelincjr the Demonspawn Hedge Wizard began the quest for
                  | the Orb.
     0 | D:1      | Reached XP level 1. HP: 13/13 MP: 4/4
   102 | D:1      | Reached skill level 1 in Translocations
   430 | D:1      | Found Ruid's Antique Armour Shop.
   449 | D:1      | Gained mutation: You sometimes gain a little power by
                  | taking damage. [demonic ancestry]
   449 | D:1      | Reached XP level 2. HP: 7/19 MP: 0/6
   810 | D:1      | Found Posi's General Store.
   812 | D:1      | Found Ruvuepuv's Distillery.
  2019 | D:2      | Reached XP level 3. HP: 24/24 MP: 4/7
  2209 | D:2      | Noticed Sigmund
  2217 | D:2      | Slain by Sigmund

Illustrated notes

Levels and vault maps discovered:
D:1:      arrival_zaba_pyramid, layout_basic, serial_shops, shop, shop,
          shop_fountains, minmay_misc_feat_plants, feat_on_display
D:2:      layout_basic, uniq_sigmund

Skill      XL: |  1  2 |
---------------+-------+-----
Translocations | 1 |  1.2
Stealth        | 2 |  2.0
Dodging        | 2 |  2.0
Fighting       | |  0.3
Spellcasting   | |  3.2
Conjurations   | |  1.4
Summonings     | |  1.4

Action                   || total
-------------------------++-------
Melee: Dagger            ||    24
       Whip              ||    15
 Cast: Magic Dart        ||    69
  Use: Potion            ||     2
Armor: Robe              ||     8
Dodge: Dodged            ||    23
